Map: Triton LE

Players

SortOf

  • Race: Zerg Zerg
  • Spawn Location: 5:00

TSGSolar (Solar) - Winner!

  • Race: Zerg Zerg
  • League: Master
  • Spawn Location: 11:00

VOD

Have the link to the VOD?

Description

Time

  • Played on: Jan. 8, 2020, 5:38 a.m.
  • Length: 5:54
Show
View Real Time Build Order
Export as new Build Order

SortOf Zerg 

Build Orders: Hatch First 

Get SALT Encoding   

  12  0:00  Drone  
  13  0:12  Overlord  
  13  0:16  Drone  
  14  0:30  Drone x2  
  16  0:48  Hatchery  
  15  0:51  Drone  
  15  0:54  Drone  
  17  0:58  Drone  
  18  1:08  Extractor  
  17  1:14  Spawning Pool  
  17  1:16  Drone  
  17  1:19  Drone  
  18  1:28  Drone  
  19  1:39  Drone  
  20  1:49  Drone  
  21  1:59  Overlord  
  21  2:00  Queen x2  
  25  2:06  Drone  
  26  2:10  Metabolic Boost  
  26  2:11  Drone x2  
  28  2:22  Zergling x4  
  30  2:33  Hatchery  
  30  2:36  Drone  
  30  2:47  Baneling Nest  
  30  2:48  Drone  
  30  2:49  Drone  
  31  2:52  Overlord  
  31  2:54  Drone  
  31  2:55  Drone  
  33  3:04  Drone  
  33  3:05  Drone  
  35  3:10  Queen  
  35  3:12  Drone x2  
  39  3:15  Zergling x2  
  40  3:21  Zergling x4  
  40  3:22  Drone  
  40  3:24  Drone  
  44  3:30  Lair  
  43  3:40  Extractor  
  42  3:42  Drone x2, Evolution Chamber  
  42  3:43  Overlord  
  42  3:47  Baneling  
  43  3:49  Drone x4  
  47  3:59  Drone x3  
  50  4:03  Drone x2  
  50  4:06  Drone  
  50  4:07  Overlord  
  53  4:15  Extractor  
  53  4:16  Extractor, Drone x4  
  54  4:20  Drone x2  
  57  4:24  Zergling x4  
  57  4:30  Drone x5  
  63  4:36  Zergling x4  
  65  4:43  Spire  
  64  4:46  Drone x2  
  64  4:47  Overlord  
  64  4:49  Extractor x2  
  64  4:50  Drone x2  
  64  4:51  Overseer  
  66  5:01  Overlord  
  66  5:04  Overlord  
  66  5:05  Overlord  
  66  5:07  Drone x2  
  66  5:08  Drone x3  
  66  5:11  Zergling x2  
  72  5:19  Spine Crawler  
  72  5:21  Zergling x6, Spine Crawler  
  73  5:23  Baneling x3  
  73  5:28  Zergling x8  
  75  5:33  Zergling x2  
Show
View Real Time Build Order
Export as new Build Order

TSGSolar Zerg - Winner!

Build Orders: Hatch First 

Get SALT Encoding   

  12  0:01  Drone  
  13  0:12  Overlord  
  13  0:16  Drone  
  14  0:30  Drone  
  14  0:31  Drone  
  16  0:48  Hatchery  
  15  0:51  Drone  
  15  0:55  Drone  
  17  0:58  Drone  
  18  1:09  Extractor  
  17  1:13  Spawning Pool  
  17  1:16  Drone  
  17  1:19  Drone  
  18  1:28  Drone  
  19  1:39  Drone  
  20  1:49  Overlord  
  20  1:59  Queen x2  
  20  2:00  Zergling x2  
  20  2:01  Drone  
  26  2:09  Metabolic Boost  
  26  2:11  Drone x2  
  28  2:21  Drone  
  28  2:22  Drone  
  30  2:35  Hatchery  
  29  2:39  Drone  
  29  2:43  Queen  
  32  2:50  Overlord  
  32  2:51  Drone  
  33  2:55  Baneling Nest  
  33  2:57  Drone  
  33  3:00  Zergling x2  
  33  3:02  Zergling x2  
  36  3:05  Drone  
  36  3:09  Drone  
  36  3:10  Drone x2  
  39  3:13  Drone  
  39  3:15  Drone  
  39  3:18  Drone  
  42  3:20  Drone  
  42  3:25  Evolution Chamber  
  42  3:26  Overlord  
  42  3:28  Drone  
  42  3:32  Zergling x2  
  43  3:44  Overlord  
  43  3:45  Drone x4  
  43  3:47  Drone  
  48  3:48  Drone  
  48  3:52  Drone x3  
  52  3:56  Roach Warren  
  52  3:58  Zergling x2  
  52  3:59  Zergling x2  
  52  4:00  Zergling x2  
  54  4:03  Extractor  
  54  4:04  Extractor  
  54  4:09  Drone  
  53  4:11  Zergling x2  
  53  4:13  Overlord  
  53  4:15  Overlord  
  54  4:19  Overlord  
  54  4:24  Baneling  
  53  4:38  Roach x7  
  67  4:40  Roach x2  
  67  4:41  Roach  
  67  4:44  Roach  
  75  4:47  Roach  
  77  4:53  Zergling x10  
  77  4:55  Zergling x2  
  77  4:58  Zergling x4  
  85  5:00  Zergling x2  
  85  5:04  Overlord  
  85  5:07  Zergling x4  
  85  5:10  Overlord  
  85  5:14  Zergling x4  
  89  5:16  Baneling x2  
  89  5:17  Baneling x2  
  89  5:20  Zergling x2  
  90  5:22  Zergling x6  
  90  5:27  Zergling x4  
  93  5:29  Zergling x2  
  93  5:30  Zergling x2  
  93  5:35  Zergling x4  
  97  5:37  Baneling  
Tags
 
Add a new tag
Caveats
  • Supply blocks, unpowered buildings, or Contaminate may cause inaccurate times.
  • Supply counts are checked every 10 seconds.